Cogmind - Beta 12 X4 @@@ ROGUE MODE // 2022.09.28 @ 21:27:26 Player: albenzo Result: Destroyed by YI-UF0 with YI-UF0's Doublenader Performance ------------- Evolutions (0) 0 Regions Visited (2) 400 Robots Destroyed (25) 125 Value Destroyed (413) 413 Prototype IDs (5) 100 Alien Tech Used (0) 0 Bonus (0) 0 TOTAL SCORE: 1038 Bonus ------- None Cogmind --------- Core Integrity 0/250 Matter 289/300 Energy 173/280 System Corruption 0% Temperature Cool (0) Movement Treading (160) Location -10/Mines Parts ------- > --- POWER (1) -------- Heavy Ion Engine > --- PROPULSION (2) --- Light Treads Light Treads > --- UTILITY (2) ------ Large Storage Unit Seismic Detector > --- WEAPON (2) ------- (None) > --- INVENTORY (15) --- Structural Scanner Advanced Visual Processing Unit Signal Interpreter Improved Terrain Scanner Targeting Computer Hardened Light Armor Plating Hardened Light Armor Plating Particle Gun Ion Cannon Light Assault Rifle Light Assault Rifle Grenade Launcher Peak State ------------ > --- POWER ------------ Heavy Ion Engine > --- PROPULSION ------- Light Treads Light Treads > --- UTILITY ---------- Large Storage Unit Seismic Detector > --- WEAPON ----------- Light Assault Rifle EMP Blaster > --- INVENTORY -------- Heavy Ion Engine Light Treads Light Treads Structural Scanner Signal Interpreter Improved Terrain Scanner Seismic Detector Targeting Computer Hardened Light Armor Plating Hardened Light Armor Plating Hardened Light Armor Plating Small Laser Light Assault Rifle Light Assault Rifle Light Assault Rifle [Rating: 12] Favorites ----------- Power Heavy Ion Engine Engine Heavy Ion Engine Propulsion Light Treads Treads Light Treads Utility Seismic Detector Device Seismic Detector Storage Large Storage Unit Protection Hardened Light Armor Plating Weapon Light Assault Rifle Energy Gun Small Laser Ballistic Gun Light Assault Rifle Launcher EMP Blaster Build | -11 -10 -10 ------- Run | Scr Mat Min Slots Evolved . | . . . Power . | . . . Propulsion . | . . . Utility . | . . . Weapon . | . . . Parts Attached 21 | 7 5 9 Power 3 | 1 1 1 Engine 3 | 1 1 1 Core . | . . . Reactor . | . . . Propulsion 4 | 2 . 2 Treads 4 | 2 . 2 Leg . | . . . Wheel . | . . . Hover . | . . . Flight . | . . . Utility 8 | 2 3 3 Device 3 | 1 . 2 Storage 4 | 1 3 . Processor . | . . . Hackware . | . . . Protection 1 | . . 1 Artifact . | . . . Weapon 6 | 2 1 3 Energy Gun 2 | 1 . 1 Energy Cannon . | . . . Ballistic Gun 3 | 1 1 1 Ballistic Cannon . | . . . Launcher 1 | . . 1 Special Weapon . | . . . Impact Weapon . | . . . Slashing Weapon . | . . . Piercing Weapon . | . . . Special Melee Weapon . | . . . Unidentified Prototypes 1 | . 1 . Parts Lost 6 | . . 6 Power 1 | . . 1 Propulsion 2 | . . 2 Utility 1 | . . 1 Weapon 2 | . . 2 Highest Loss Streak 5 | . . 5 To Critical Strikes . | . . . Average Slot Usage (%) 99 | . 100 99 Engine 14 | . 14 14 Treads 27 | . 28 27 Device 13 | . 14 12 Storage 14 | . 14 14 Energy Gun 9 | . 14 . Ballistic Gun 18 | . 14 26 Naked Turns . | . . . Heaviest Build 35 | 13 31 35 Greatest Support 40 | 40 40 40 Greatest Overweight (x) 1 | . . 1 Average Overweight (x) . | . . . Largest Inventory Capacity 15 | 8 15 15 Average Capacity 12 | 7 12 15 Most Carried 15 | 8 15 15 Average Carried 11 | 5 12 14 Final Capacity 15 | 8 15 15 Final Carried 15 | 8 15 12 Class Distribution -------------------- 100% | Mutant Dominant Class ---------------- Mutant | -10/Materials Mutant | -10/Mines Resources | -11 -10 -10 ----------- Run | Scr Mat Min Matter Collected 463 | 291 95 77 Remotely . | . . . Salvage Created 701 | 83 454 164 Parts 67 | 16 40 11 Haulers Intercepted 2 | . 2 . Recyclers Shooed 1 | . 1 . Parts Field Recycled . | . . . Retrieved Matter . | . . . Parts Self-Destructed . | . . . Prevented . | . . . Kills | -11 -10 -10 ------- Run | Scr Mat Min Combat Hostiles Destroyed 16 | . 10 6 Guns 13 | . 10 3 AOE 3 | . . 3 Classes Destroyed 7 | 1 5 1 Tunneler 5 | 5 . . Hauler 2 | . 2 . Recycler 1 | . 1 . Watcher 1 | . 1 . Swarmer 9 | . 6 3 Grunt 6 | . 4 2 Sentry 1 | . . 1 Best Kill Streak 3 | 2 3 3 Combat Bots Only 3 | . 3 3 Max Kills in Single Turn 3 | 1 1 3 Gunslinging . | . . . Exploded 3 | . . 3 Melee . | . . . Uniques/NPCs Destroyed . | . . . Combat | -11 -10 -10 -------- Run | Scr Mat Min Damage Taken 1209 | . 264 945 Core 265 | . 52 213 Absorbed by Shields . | . . . Core Remaining (%) 100 | 100 . . Volleys Fired 83 | 21 45 17 Largest 2 | 2 2 2 Hottest 60 | 60 60 60 Shots Fired 165 | 42 90 33 Gun 164 | 42 90 32 Cannon . | . . . Launcher 1 | . . 1 Special . | . . . Kinetic 89 | 21 45 23 Thermal 75 | 21 45 9 Explosive . | . . . Electromagnetic 1 | . . 1 Robot Hit Streak 11 | 11 8 7 Robot Miss Streak 4 | 4 3 3 Penetration Max . | . . . Secondary Targets 1 | . . 1 Max Gunslinging Chain 1 | . . 1 Shots Hit Robots 99 | 21 57 21 Core Hits 46 | 7 28 11 Critical Kills 1 | . . 1 Critical Parts Destroyed 1 | . 1 . Critical Strikes 2 | . 1 1 Destroy 2 | . 1 1 Melee Attacks . | . . . Impact . | . . . Slashing . | . . . Piercing . | . . . Sneak Attacks . | . . . Combat Hostiles . | . . . Follow-up Attacks . | . . . Damage Inflicted 1016 | 219 559 238 Guns 951 | 219 559 173 Cannons . | . . . Explosions 53 | . . 53 Melee . | . . . Ramming 12 | . . 12 Kinetic 399 | 74 206 119 Thermal 552 | 145 353 54 Explosive . | . . . Electromagnetic 53 | . . 53 Impact . | . . . Slashing . | . . . Piercing . | . . . Highest Corruption . | . . . Average Corruption . | . . . Corruption Purged . | . . . Corruption Blocked . | . . . Overload Shots . | . . . Overflow Damage 13 | . . 13 Projectiles . | . . . Explosions 13 | . . 13 Melee . | . . . Knockbacks . | . . . Impact . | . . . Kinetic . | . . . Secondary . | . . . Self-Inflicted Damage 19 | . . 19 Shots 1 | . . 1 Rammed 2 | . . 2 Targets Rammed 2 | . . 2 Kicked . | . . . Crushed . | . . . Highest Temperature 328 | 40 120 328 Average Temperature 61 | 16 28 170 Received Heat Transfer 297 | . 96 201 Effects 1 | . . 1 Energy Bleed 1 | . . 1 Siege Activations . | . . . Robots Corrupted . | . . . Combat Hostiles . | . . . Parts Fried . | . . . Impact Corruptions . | . . . Robots Melted . | . . . Combat Hostiles . | . . . Parts Melted 2 | . . 2 Heat Transferred 1250 | 325 800 125 Parts Sabotaged . | . . . Parts Stolen . | . . . Parts Stripped . | . . . Power Chain Reactions . | . . . Missiles Intercepted . | . . . Alert | -11 -10 -10 ------- Run | Scr Mat Min Peak Influence 178 | 25 178 132 Initial 22 | . 16 22 Average 67 | 9 76 82 Maximum Alert Level . | . . . Low Security (%) 100 | 100 100 100 Level 1 . | . . . Level 2 . | . . . Level 3 . | . . . Level 4 . | . . . Level 5 . | . . . High Security . | . . . Max Security . | . . . Squads Dispatched 2 | . 2 . Investigation 1 | . 1 . Extermination . | . . . Reinforcement 1 | . 1 . Assault . | . . . Garrison . | . . . Intercept . | . . . Searches Triggered . | . . . Construction Impeded . | . . . Haulers Reinforced . | . . . Active Scanning Responses . | . . . Cargo Convoy Interrupts . | . . . Stealth | -11 -10 -10 --------- Run | Scr Mat Min Distress Signals 3 | . 3 . Communications Jammed . | . . . Distress Signals . | . . . Times Spotted 34 | . 26 8 Peak Tracking Total 4 | . 4 3 Tactical Retreats 1 | . 1 . Traps | -11 -10 -10 ------- Run | Scr Mat Min Traps Triggered 1 | . 1 . Indirectly . | . . . Trap Hack Attempts . | . . . Triggered . | . . . Disarmed . | . . . Reprogrammed . | . . . Reused . | . . . Traps Extracted . | . . . Installed . | . . . Triggered . | . . . Machines | -11 -10 -10 ---------- Run | Scr Mat Min Machines Disabled . | . . . Max in Single Turn . | . . . Machines Sabotaged . | . . . Overloaded Fab Kills . | . . . Hacking | -11 -10 -10 --------- Run | Scr Mat Min Machines Accessed 7 | . 6 1 Terminals 6 | . 6 . Fabricators . | . . . Repair Stations . | . . . Recycling Units . | . . . Scanalyzers . | . . . Garrison Access . | . . . Total Hacks 20 | . 19 1 Successful 10 | . 9 1 Failed 10 | . 10 . Catastrophic . | . . . Database Lockouts . | . . . Manual 6 | . 6 . Terminals 19 | . 19 . Fabricators . | . . . Repair Stations . | . . . Recycling Units . | . . . Scanalyzers . | . . . Garrison Access . | . . . Terminal Hacks 10 | . 9 1 Part Schematic 1 | . 1 . Prototype ID Bank 2 | . 2 . Open Door 1 | . . 1 Terminal Index 1 | . 1 . Locate Traps 2 | . 2 . Transport Status 3 | . 3 . Fabricator Hacks . | . . . Repair Station Hacks . | . . . Recycling Unit Hacks . | . . . Scanalyzer . | . . . Garrison Access Hacks . | . . . Unauthorized Hacks . | . . . Terminals . | . . . Fabricators . | . . . Repair Stations . | . . . Recycling Units . | . . . Scanalyzers . | . . . Garrison Access . | . . . Data Cores Recovered . | . . . Used . | . . . Hacking Detections 4 | . 4 . Full Trace Events . | . . . Feedback Events . | . . . Feedback Blocked . | . . . Robot Schematics Acquired . | . . . Robots Built . | . . . Authchips . | . . . Time . | . . . Total Robot Build Rating . | . . . Part Schematics Acquired 1 | . 1 . Parts Built . | . . . Authchips . | . . . Time . | . . . Total Part Build Rating . | . . . Parts Repaired . | . . . Time . | . . . Parts Recycled . | . . . Recycled Matter . | . . . Retrieved Matter . | . . . Retrieved Components . | . . . Parts Scanalyzed . | . . . Part Schematics Acquired . | . . . Parts Damaged . | . . . Bothacking | -11 -10 -10 ------------ Run | Scr Mat Min Used RIF Installer . | . . . Robots Hacked . | . . . Non-combat . | . . . Combat . | . . . Robot Hacks Applied . | . . . Relay Couplers Released . | . . . Fabnet Peak Effective % . | . . . Robots Rewired . | . . . Allies Hacked . | . . . Hacks Repelled . | . . . Allies | -11 -10 -10 -------- Run | Scr Mat Min Total Allies 1 | . . 1 Largest Group 1 | . . 1 Highest-Rated Group 31 | . . 31 Highest-Rated Ally 31 | . . 31 Total Orders . | . . . Ally Attacks . | . . . Total Damage . | . . . Kills . | . . . Allies Corrupted . | . . . Allies Melted . | . . . Intel | -11 -10 -10 ------- Run | Scr Mat Min Robot Analysis Total . | . . . Derelict Logs Recovered 2 | . . 2 Drone Launches . | . . . Drone Recoveries . | . . . Exploration | -11 -10 -10 ------------- Run | Scr Mat Min Turns Passed 2215 | 352 1254 609 Spaces Moved 1136 | 174 668 294 Core 2 | 2 . . Treads 1134 | 172 668 294 Legs . | . . . Wheels . | . . . Hover . | . . . Flight . | . . . Fastest Speed 50 | 50 160 160 Average Speed 160 | 158 160 160 Slowest Speed 240 | 160 160 240 Overloaded Moves . | . . . Propulsion Burnouts . | . . . Robots Hopped . | . . . Cave-ins Triggered . | . . . Exploration Rate (%) 48 | 12 81 51 Regions Visited 2 Branch Regions 1 Pre-discovered Areas 1 | . . 1 Known Exits Taken . | . . . Unknown Exits Taken 2 | 1 1 . Scrap Searched 1 | . . 1 Spaces Dug . | . . . Terrain Destroyed . | . . . Melee . | . . . Projectile . | . . . AOE . | . . . Terrain Rammed . | . . . Walls Destroyed . | . . . Machines Disabled . | . . . Actions | -11 -10 -10 --------- Run | Scr Mat Min Total 1389 | 209 779 401 Wait 100 | . 30 70 Move 1134 | 173 667 294 Hop . | . . . Pick Up 30 | 8 17 5 Fast Attach 8 | 7 1 . Attach 4 | . . 4 Detach . | . . . Swap 9 | . 4 5 Drop 19 | . 15 4 Fire 83 | 21 45 17 Melee . | . . . Ram . | . . . Kick . | . . . Crush 2 | . . 2 Escape Stasis . | . . . Rewire . | . . . Trap . | . . . Miscellaneous . | . . . Route ------- -11/Scrapyard -10/Materials (discovered 4 exits: [*Mat x3] / *Min) -10/Mines (discovered 2 exits: [*Mat] / [*Exi]) History --------- Turn | Location | Event 31 | -11/Scrapyard | Discovered new exit (range 16) 353 | -11/Scrapyard | Entered Materials 354 | -10/Materials | Build established: Mutant 438 | -10/Materials | Discovered new exit (range 16) 1021 | -10/Materials | Discovered new exit (range 11) 1163 | -10/Materials | Discovered new exit (range 3) 1222 | -10/Materials | Discovered new exit (range 14) 1607 | -10/Materials | Entered Mines 1695 | -10/Mines | Discovered new exit (range 13) 1769 | -10/Mines | Learned location of Storage (-8) 1779 | -10/Mines | Learned location of 1 exit from Materials 1857 | -10/Mines | Received a Mining Laser from a helpful Derelict 1903 | -10/Mines | Deemed a non-threat by the Exiles lab entrance 1903 | -10/Mines | Discovered new exit (range 5) 2026 | -10/Mines | YI-UF0 nonchalantly dropped a Grenade Launcher on the ground 2061 | -10/Mines | Met a Derelict who couldn't figure out how to use a Trap Extractor 2198 | -10/Mines | Core integrity fell below 50% 2209 | -10/Mines | Core integrity fell below 20% 2216 | -10/Mines | Destroyed by YI-UF0 with YI-UF0's Doublenader Last Messages --------------- 02120_ Acquired Corrupted Adv. Visual Processing Unit. 02124_ Dropped Hrd. Light Armor Plating. 02124_ Acquired Ion Cannon. 02131_ 7T-MSM(g): "You look like you can take it from here!" 02131_ 7T-MSM(g) slips back into the shadows. 02168_ YI-UF0 mumbles something. 02195_ YI-UF0: "Whaaaaaaaa!" 02195_ Y-45 Defender destroyed. 02195_ Lgt. Treads destroyed. 02197_ Y-45 Defender destroyed. 02197_ Switching to secondary target: YI-UF0. 02198_ Acquired 3 matter. 02199_ Machine disabled. 02201_ The unstable cave ceiling collapses. 02204_ Hvy. Ion Engine destroyed. 02204_ Lgt. Treads destroyed. 02206_ Lgt. Assault Rifle destroyed. 02213_ Slammed into YI-UF0. 02214_ The unstable cave ceiling collapses. 02215_ Slammed into YI-UF0. Map ----- +----------------------------------------------------+ | ??????????## ##?????????????# # | | ??????????# ##????????????## | | ??????????# ###?????????## | | ??????????## ##???????## | | ???????????# #???????# | | ???????????## ##??????# | | ????????????# ##?????## | | ????????????# #?######## | | ????????????# #?#""[!""### | | ????????????## ## ##?#! ] [!#?? | | ?????????????###?## ##??##=!^ ##?? | | ??????????????????# ##????#= !#??? | | ??????????????????# ##???### ####? | | ??????????????????# ##??# #? | | ????###??????????## #??# #? | | ??### ###??????## #??# #? | | ?## # # #?????## ##?# #? | | ## ]]"####??# #?# #? | | # ##?# #?# #? | | # #?## #?# #? | | # #??# #?##### ###? | | ?# ##### #####?????# #??? | | ?# #?# #?????????# #??? | | ?# #?# #?????????# #??? | | ?# ### ########### #??? | | ??## @ !|!u ] #??? | | ???## g ]% #############??? | | ????#### ######??????????????? | | ???????# # #???????????????????? | | | | | | | | | | | | | | | | | | | | | | | | | | | | | | | | | | | | | | | | | | | +----------------------------------------------------+ Best States ------------- Heat Dissipation 25 Energy Generation 14 Energy Capacity 280 Matter Stores 300 Matter Capacity 300 Sight Range 16 Terrain Scan Density 10 Armor Coverage 150 Evasion (%) 40 Recoil Reduction 2 Item Schematics ----------------- Structural Scanner | -10/Materials | Hacked Robot Schematics ------------------ None Fabricated ------------ Nothing Alien Tech Used ----------------- None Achievements -------------- None Challenges ------------ None Game ------ Seed HeatCoordinationSplitter Manual? 0 Play Time 00:15:46 Cumulative 82.2 hours Start 2022.09.28 @ 20:46:42 End 2022.09.28 @ 21:27:26 Sessions 1 Manual Loads 0 Difficulty Rogue Special Mode None Game No. 69 Rogue 69 Adventurer 0 Explorer 0 Win Type - Total 4 Types 3/0/1/0/0/0/0/0/0 Lore% 60 Gallery% 60 Achievement% 54 Wizard Run 0 Options --------- ASCII 0 Keyboard 1 Movement Vi Keybinds 0 Fullscreen 2 Font 24/Proggy Map View 76x50 Tactical HUD 1 Map Filters NONE Filters NONE Steam 1 RUN: 74e8ed10-4068-4353-a4db-23237cf31872